 Dungeon Crawl Stone Soup version 0.26.1-2-gb8aa6d0cf2 (webtiles) character file.

Game seed: 11072176767558201821

70 Descartes the Shooter (level 4, 0/24 HPs)
             Began as a Deep Elf Arcane Marksman on Feb 12, 2021.
             Slain by a hound (4 damage)
             ... on level 2 of the Dungeon.
             The game lasted 00:05:37 (1684 turns).

Descartes the Shooter (Deep Elf Arcane Marksman)    Turns: 1684, Time: 00:05:37

Health: 0/24       AC:  2    Str:  7    XL:     4   Next: 3%
Magic:  8/8        EV: 13    Int: 19    God:
Gold:   121        SH:  0    Dex: 15    Spells: 5/6 levels left

rFire    . . .     SeeInvis .   b - +0 mace (drain)
rCold    . . .     Faith    .   (no shield)
rNeg     . . .     Spirit   .   e - +0 robe
rPois    .         Reflect  .   (no helmet)
rElec    .         Harm     .   (no cloak)
rCorr    .         Rampage  .   (no gloves)
Will     .....                  (no boots)
Stlth    ++........             (no amulet)
HPRegen  0.08/turn              (no ring)
MPRegen  0.11/turn              (no ring)

@: no status effects
A: no striking features
a: no special abilities


You were on level 2 of the Dungeon.
You visited 1 branch of the dungeon, and saw 2 of its levels.

You collected 121 gold pieces.

Inventory:

Hand Weapons
 a - a +0 shortbow
 b - a +0 mace of draining (weapon)
Missiles
 c - 50 bolts
 k - 69 stones (quivered)
 l - 5 arrows
Armour
 e - a +0 robe (worn)
 j - a +0 kite shield
 m - a +0 pair of boots
Scrolls
 d - a scroll of identify {unknown}
 h - 2 scrolls of remove curse {unknown}
 i - a scroll of teleportation {unknown}
 n - a scroll of blinking {unknown}
Potions
 f - a potion of attraction {unknown}
 g - 2 potions of degeneration {unknown}
 o - a potion of haste {unknown}


   Skills:
 - Level 0.7 Fighting
 + Level 4.5 Bows
 - Level 2.4 Dodging
 + Level 3.3 Stealth
 - Level 1.5 Spellcasting
 - Level 4.0 Hexes


You had 5 spell levels left.
You knew the following spells:

 Your Spells              Type           Power        Failure   Level
a - Corona                Hex            17%          3%          1

Your spell library contained the following spells:

 Spells                   Type           Power        Failure   Level
 Slow                     Hex            16%          5%          2
 Inner Flame              Hex/Fire       9%           24%         3
 Portal Projectile        Hex/Tloc       18%          24%         3
 Cause Fear               Hex            8%           34%         4
 Leda's Liquefaction      Hex/Erth       4%           61%         4


Dungeon Overview and Level Annotations

Branches:
Dungeon (2/15)

Altars:


Message History

The hound is heavily wounded.
The hound misses you. The hound bites you but does no damage.
You closely miss the hound.
The hound is heavily wounded.
The hound bites you but does no damage. The hound bites you.
* * * LOW HITPOINT WARNING * * *
You closely miss the hound.
The hound is heavily wounded.
The hound misses you. The hound closely misses you.
You hit the hound but do no damage.
The hound is heavily wounded.
The hound bites you but does no damage. The hound closely misses you.
You closely miss the hound.
The hound is heavily wounded.
The hound closely misses you. The hound misses you.
The hound barely misses you.
You barely miss the hound.
The hound is heavily wounded.
The hound bites you.
You die...

........######
######........ ..#
#........ ...#
#.†...... ...#
#........ ....#
#........ .###
####....#
#........ .K..#
##..h....+
+........
.....###.[@.....#
#........
................#
####.....
................#
##....
..................
......
###.....†.....####
###...
#.....†.....##..
..#..^
#...........##.#
#.....
#...........##.#
##.##
#...........##.#


You could see a hound.

Vanquished Creatures
  An adder (D:2)
  An ooze (D:1)
  A worm (D:2)
  3 dart slugs
  6 bats
  11 giant cockroaches
  3 goblins
  5 hobgoblins
  4 frilled lizards
  3 kobolds (D:1)
  8 rats (D:1)
46 creatures vanquished.

Notes
Turn   | Place    | Note
-------+----------+-------------------------------------------
     0 | D:1      | Descartes the Deep Elf Arcane Marksman began the quest for
                  | the Orb.
     0 | D:1      | Reached XP level 1. HP: 11/11 MP: 5/5
   122 | D:1      | Reached skill level 1 in Stealth
   188 | D:1      | Reached XP level 2. HP: 16/16 MP: 6/6
   441 | D:1      | Reached XP level 3. HP: 20/20 MP: 7/7
  1632 | D:2      | Reached XP level 4. HP: 24/24 MP: 8/8
  1684 | D:2      | Slain by a hound

Illustrated notes

Levels and vault maps discovered:
D:1:      mainiacjoe_arrival_reflecting_pool, layout_loops_ring,
          serial_bayou_lagoon_a, due_unseen_surprise
D:2:      minmay_roachtagon, layout_basic, marbit_many_paths

Skill      XL: |  1  2  3 |
---------------+----------+-----
Bows           | 3 4 |  4.5
Stealth        | 1 2 3 |  3.3
Fighting       | |  0.7
Dodging        | |  2.4
Spellcasting   | |  1.5
Hexes          | |  4.0

Action                   |  1- 3 |  4- 6 || total
-------------------------+-------+-------++-------
Melee: Mace              |    62 |    15 ||    77
 Fire: Shortbow          |    77 |       ||    77
 Stab: Sleeping          |     2 |     1 ||     3
Armor: Robe              |    25 |     3 ||    28
Dodge: Dodged            |    80 |    17 ||    97
